 Dungeon Crawl Stone Soup version 0.20-a0-638-gd210ae2 (webtiles) character file.

111 Laan the Magician (level 4, -8/30 HPs)
             Began as a Mummy Fire Elementalist on Feb 12, 2017.
             Killed by divine providence
             ... invoked by an orc priest
              (14 damage)
             ... on level 3 of the Dungeon.
             The game lasted 00:09:25 (3551 turns).

Laan the Magician (Mummy Fire Elementalist)         Turns: 3551, Time: 00:09:26

Health: -8/30      AC:  2    Str: 11    XL:     4   Next: 62%
Magic:  2/9        EV: 12    Int: 15    God:
Gold:   72         SH:  0    Dex: 12    Spells: 2/10 levels left

rFire    x . .     SeeInvis .   j - -3 dagger (curse)
rCold    + . .     Gourm    .   a - +0 robe
rNeg     + + +     Faith    .   (no shield)
rPois    ∞         Spirit   .   (no helmet)
rElec    .         Reflect  .   (no cloak)
rCorr    .         Harm     .   (no gloves)
MR       .....                  (no boots)
Stlth    ++........             (no amulet)
Regen    0.1/turn               (no ring)
                                e - ring of positive energy

@: no status effects
A: no food or potions, fire vulnerability, cold resistance 1, negative energy
resistance 3, torment resistance, unbreathing
a: no special abilities


You were on level 3 of the Dungeon.
You were not hungry.

You visited 1 branch of the dungeon, and saw 3 of its levels.

You collected 72 gold pieces.

Inventory:

Hand Weapons
 c - a +0 dagger
 j - a cursed -3 dagger (weapon)
Armour
 a - a +0 robe (worn)
Jewellery
 e - a ring of positive energy (left hand)
Scrolls
 d - 7 scrolls of identify
 h - 2 scrolls of enchant armour
Books
 b - a book of Flames

   Spells                             Type                      Level
   a - Flame Tongue                   Conjuration/Fire             1
   b - Throw Flame                    Conjuration/Fire             2
   c - Conjure Flame                  Conjuration/Fire             3
   d - Inner Flame                    Hexes/Fire                   3
   e - Sticky Flame                   Conjuration/Fire             4
   f - Fireball                       Conjuration/Fire             5


   Skills:
 - Level 1.5 Dodging
 - Level 1.5 Stealth
 + Level 3.6 Spellcasting
 * Level 2.8 Conjurations
 - Level 2.9 Fire Magic


You had 2 spell levels left.
You knew the following spells:

 Your Spells              Type           Power        Failure   Level  Hunger
a - Flame Tongue          Conj/Fire      ##...        8%          1    N/A
b - Conjure Flame         Conj/Fire      ##......     21%         3    N/A
c - Sticky Flame          Conj/Fire      ##......     67%         4    N/A

Dungeon Overview and Level Annotations

Branches:
Dungeon (3/15)

Altars:
Cheibriados


Innate Abilities, Weirdness & Mutations

You do not eat or drink.
Your flesh is vulnerable to fire.
You are immune to poison.
Your flesh is cold resistant. (rC+)
You are immune to negative energy. (rN+++)
You are immune to unholy pain and torment.
You can survive without breathing.


Message History

Aim: an orc priest, wielding a whip and wearing a ring mail (moderately wounded)
The flame tongue hits the orc priest.
The orc priest appears unharmed.
The orc priest is moderately wounded.
The orc priest closely misses you.
Casting: Flame Tongue
Confirm with . or Enter, or press ? or * to list all spells.
Aiming: Flame Tongue
Press: ? - help, Shift-Dir - straight line, f/p - orc priest
Aim: an orc priest, wielding a whip and wearing a ring mail (moderately wounded)
The flame tongue misses the orc priest.
The orc priest barely misses you.
Casting: Flame Tongue
Confirm with . or Enter, or press ? or * to list all spells.
Aiming: Flame Tongue
Press: ? - help, Shift-Dir - straight line, f/p - orc priest
Aim: an orc priest, wielding a whip and wearing a ring mail (moderately wounded)
The flame tongue hits the orc priest.
The orc priest is severely wounded.
The orc priest invokes the aid of Beogh against you.
Beogh smites you!
You die...

# ... #....##..##.#........
#.##..%. #....##..##.#.#########
...#..... #....##..##.#.........#
...#.....##....##..##.#..######.#
...# #.........##..#.....#......#
#.####.............#..#.##.######
........####...#..#.##.#
........# #o..#..#.##.######
...o....# #@..####.........#
#+##..o.##### #.........#.####.#
......# ####...#.#...#.# #.#
......# #........#...#.# #.#
......# #............#.# #.#
......# #.........>..#.# #.#
#.##### #..............# #.# #.#
#............######.# #.#
#######...#<.........#.#


You could see an orc priest.

Vanquished Creatures
  An adder (D:2)
  2 oozes
  An adder zombie (D:1)
  5 worms (D:3)
  A dart slug (D:1)
  2 leopard geckos
  An orc (D:3)
  A bat zombie (D:1)
  3 giant cockroaches
  10 goblins
  8 hobgoblins
  7 jackals
  4 kobolds (D:1)
  A quokka (D:3)
  9 bats
  4 frilled lizards
  6 rats
66 creatures vanquished.

Notes
Turn   | Place    | Note
-------+----------+-------------------------------------------
     0 | D:1      | Laan the Mummy Fire Elementalist began the quest for the Orb.
     0 | D:1      | Reached XP level 1. HP: 13/13 MP: 4/4
    32 | D:1      | Reached skill level 1 in Conjurations
   417 | D:1      | Reached XP level 2. HP: 12/19 MP: 0/5
   726 | D:1      | Reached skill level 3 in Spellcasting
   984 | D:1      | Reached XP level 3. HP: 19/24 MP: 1/7
  1638 | D:2      | You fall through a shaft!
  2254 | D:3      | Found a snail-covered altar of Cheibriados.
  2296 | D:2      | Reached XP level 4. HP: 30/30 MP: 6/8
  3502 | D:3      | Learned a level 3 spell: Conjure Flame
  3507 | D:3      | Learned a level 4 spell: Sticky Flame
  3551 | D:3      | Killed from afar by an orc priest

Vault maps used:
D:1:      saegor_arrival_fortress
D:2:      minivault_27
D:3:      overflow_temple_1_default

Skill      XL: |  1  2  3 |
---------------+----------+-----
Conjurations   | 1 2 |  2.8
Spellcasting   | 3 |  3.6
Dodging        | |  1.5
Stealth        | |  1.5
Fire Magic     | |  2.9

Action                   |  1- 3 |  4- 6 || total
-------------------------+-------+-------++-------
Melee: Dagger            |    28 |       ||    28
       Unarmed           |     4 |       ||     4
 Cast: Flame Tongue      |    87 |    65 ||   152
  Use: Scroll            |       |     6 ||     6
Armor: Robe              |    13 |     3 ||    16
Dodge: Dodged            |    42 |    16 ||    58
